 Dungeon Crawl Stone Soup version 0.28-a0-1038-g9c4cb8273d (webtiles) character file.

Game seed: 17988257851484892870

85 bearlyready the Poker (level 4, 0/33 HPs)
             Began as a Merfolk Gladiator on Dec 8, 2021.
             Succumbed to an adder's poison
             ... on level 2 of the Dungeon.
             The game lasted 00:02:36 (1431 turns).

bearlyready the Poker (Merfolk Gladiator)           Turns: 1431, Time: 00:02:36

Health: 0/33       AC:  6    Str: 16    XL:     4   Next: 48%
Magic:  4/4        EV: 12    Int:  7    God:
Gold:   42         SH:  0    Dex: 15    Spells: 3/3 levels left

rFire   . . .      SeeInvis .   a - +0 trident
rCold   . . .      Faith    .   (no shield)
rNeg    . . .      Spirit   .   m - +0 ring mail
rPois   .          Reflect  .   c - +0 helmet
rElec   .          Harm     .   (no cloak)
rCorr   .          Rampage  .   (no gloves)
Will    .....                   (no boots)
Stlth   +.........              (no amulet)
HPRegen 0.11/turn               (no ring)
MPRegen 0.09/turn               (no ring)

@: brilliant, lethally poisoned (0 -> -5)
A: (nimble swimmer 2), mertail
a: no special abilities


You were on level 2 of the Dungeon.
You visited 1 branch of the dungeon, and saw 2 of its levels.

You collected 42 gold pieces.

Inventory:

Hand Weapons
 a - a +0 trident (weapon)
 k - a +0 hunting sling
Missiles
 g - 27 stones (quivered)
 i - 20 poisoned darts
Armour
 b - a +0 leather armour
 c - a +0 helmet (worn)
 m - a +0 ring mail (worn)
 o - a +0 scale mail
Scrolls
 e - a scroll of vulnerability {unknown}
 f - a scroll of identify {unknown}
 j - a scroll of enchant weapon {unknown}
 l - a scroll of fear {unknown}
 n - a scroll of teleportation {unknown}


   Skills:
 - Level 2.1 Fighting
 + Level 7.2 Polearms
 + Level 2.3 Throwing
 - Level 4.0 Dodging


You had 3 spell levels left.
You didn't know any spells.
Your spell library contained the following spells:

 Spells                   Type           Power      Damage    Failure   Level
 Magic Dart               Conj           0%         1d3       65%         1
 Call Imp                 Summ           0%         N/A       80%         2
 Static Discharge         Conj/Air       0%         N/A       80%         2
 Ignite Poison            Fire/Tmut/Pois 0%         N/A       95%         3
 Mephitic Cloud           Conj/Pois/Air  0%         N/A       95%         3
 Dispel Undead            Necr           0%         3d6       100%        4
 Sticky Flame             Conj/Fire      0%         2d3       100%        4
 Freezing Cloud           Conj/Ice/Air   0%         6-21      100%        5


Dungeon Overview and Level Annotations

Branches:
Dungeon (2/15)

Altars:

Annotations:
D:2 1 runed translucent door, Crazy Yiuf


Innate Abilities, Weirdness & Mutations

((You are quick and stealthy near water. (Stealth+, EV+, Speed+++)))
Your lower body shifts to a powerful aquatic tail in water.


Message History

Natasha is almost dead.
The shadow imp closely misses you. Natasha casts a spell at you.
The magic dart hits you!
* * * LOW HITPOINT WARNING * * *
Throw: 3 throwing nets
Press: ? - help, Q - select action, (/) - cycle Shift-Dir - straight line, f/p - Natasha
Aim: Natasha (almost dead, 53% to hit)
You throw a throwing net. The throwing net barely misses Natasha.
The shadow imp barely misses you. Natasha closely misses you.
You hit Natasha.
You kill Natasha!
Natasha growls in agony!
The shadow imp disappears in a puff of smoke!
As you open the door, it creaks loudly!
You hear an angry hiss.
You hear a shout!
There is an open door here.
An adder comes into view.
The adder hisses angrily.
You close the door.
An adder is nearby!
Throw: 2 throwing nets
Press: ? - help, Q - select action, (/) - cycle Shift-Dir - straight line, f - adder
Aim: an adder (42% to hit)
You throw a throwing net.
The throwing net closely misses the adder.
The adder completely misses you. The adder bites you.
* * * LOW HITPOINT WARNING * * *
You are lethally poisoned!
The adder poisons you!
Throw: throwing net
Press: ? - help, Q - select action, (/) - cycle Shift-Dir - straight line, f/p - adder
Aim: an adder (42% to hit)
You throw a throwing net. The throwing net hits the adder.
The adder is caught in the net!
* * * LOW HITPOINT WARNING * * *
You feel sick.
The adder struggles against the net.
It was a potion of brilliance.
You feel clever all of a sudden.
You die...

.(. ... #.).. . #.# ....
#.... .. ##†###.... #....
... #.......# #.... ....
##.......# #.... P....
#........# #....
......#.#+############....
#.(.......##.........
#..#S@.....##.......##
#..##.......##.......# ###
#.......##.......#
##.......##.......#
#........##.......##
#.#......##.........
#########.#......#######....
...........>....## #....
####.......###### #....


You could see an adder (caught).

Vanquished Creatures
  Natasha (D:2)
  2 adders (D:2)
  2 worms (D:2)
  2 dart slugs
  3 endoplasms
  2 giant cockroaches (D:1)
  4 goblins
  A hobgoblin (D:1)
  3 quokkas
  2 ball pythons (D:1)
  3 bats
  4 kobolds
  7 rats
36 creatures vanquished.

Vanquished Creatures (others)
  4 demonic plants (D:2)
  6 fungi (D:2)
  4 plants (D:2)
  4 withered plants (D:2)
18 creatures vanquished.

Grand Total: 54 creatures vanquished

Notes
Turn   | Place    | Note
-------+----------+-------------------------------------------
     0 | D:1      | bearlyready the Merfolk Gladiator began the quest for the
                  | Orb.
     0 | D:1      | Reached XP level 1. HP: 16/16 MP: 1/1
    94 | D:1      | Reached skill level 5 in Polearms
    94 | D:1      | Reached XP level 2. HP: 22/22 MP: 2/2
   871 | D:2      | Reached skill level 6 in Polearms
   871 | D:2      | Reached XP level 3. HP: 27/27 MP: 3/3
  1226 | D:2      | Found a runed translucent door.
  1227 | D:2      | Noticed Crazy Yiuf
  1297 | D:2      | Reached skill level 7 in Polearms
  1297 | D:2      | Reached XP level 4. HP: 24/33 MP: 4/4
  1407 | D:2      | Noticed Natasha
  1420 | D:2      | Killed Natasha
  1430 | D:2      | HP: 1/33 [poisoned by an adder]
  1431 | D:2      | Succumbed to an adder's poison

Illustrated notes

Levels and vault maps discovered:
D:1:      shiori_arrival_oz, layout_basic, minmay_pentomino_x2
D:2:      layout_basic, shapermc_ecumenical_altar_gd, st_stairs_14,
          uniq_natasha, uniq_robin, uniq_crazy_yiuf_cottage

Skill      XL: |  1  2  3 |
---------------+----------+-----
Polearms       | 5 6 7 |  7.2
Fighting       | |  2.1
Throwing       | |  2.3
Dodging        | |  4.0

Action                   |  1- 3 |  4- 6 || total
-------------------------+-------+-------++-------
Melee: Trident           |   110 |    10 ||   120
Throw: Dart              |       |     3 ||     3
       Throwing net      |       |     3 ||     3
  Use: Potion            |       |     1 ||     1
 Stab: Sleeping          |     5 |       ||     5
Armor: Leather armour    |     3 |       ||     3
       Ring mail         |    20 |     1 ||    21
Dodge: Dodged            |    53 |     7 ||    60

Table legend: (Time is in decaauts)
 A = Elapsed time spent in this place.
 B = Non-inter-level travel time spent in this place.
 C = Inter-level travel time spent in this place.
 D = Time resting spent in this place.
 E = Time spent auto-exploring this place.
 F = Levels seen in this place.
 G = Mean time per level.
                   A        B        C        D        E       F      G
               +--------+--------+--------+--------+--------+-----+--------+
         Total |   1430 |   1395 |     35 |      0 |   1104 |   2 |  715.0 |
       Dungeon |   1430 |   1395 |     35 |      0 |   1104 |   2 |  715.0 |
               +--------+--------+--------+--------+--------+-----+--------+

Top non-repeatable levels by time:
     D:1: 799 daAuts
     D:2: 631 daAuts
